 Dungeon Crawl Stone Soup version 0.28-a0-664-gc179e30c89 (webtiles) character file.

Game seed: 15574716658581323418

147545 kae the Brawler (level 16, -4/175 HPs)
             Began as a Yellow Draconian Transmuter on Oct 15, 2021.
             Was a Believer of Ru.
             Killed by a resonance strike
             ... invoked by a ragged hierophant
              (12 damage)
             ... in the Desolation of Salt.
             The game lasted 00:51:28 (45569 turns).

kae the Brawler (Yellow Draconian Transmuter)      Turns: 45569, Time: 00:51:29

Health: -4/175     AC:  9    Str: 10    XL:     16   Next: 92%
Magic:  23/23      EV: 22    Int: 20    God:    Ru [**....]
Gold:   2401       SH:  0    Dex: 12    Spells: 10/25 levels left

rFire   x . .      SeeInvis +     - Unarmed
rCold   + + +      Faith    .   (shield currently unavailable)
rNeg    . . .      Spirit   .   (armour unavailable)
rPois   +          Reflect  .   (helmet currently unavailable)
rElec   .          Harm     .   (cloak currently unavailable)
rCorr   .          Rampage  .   (gloves currently unavailable)
Will    ++++.                   (boots currently unavailable)
Stlth   +.........              F - amulet of Fimyss {Acrobat Will+++ Regen+ Str-3 SInv}
HPRegen 1.39/turn               e - +4 ring of evasion
MPRegen 0.18/turn               z - +4 ring of evasion

@: ice-form, spiked
A: freezing attack, amphibious, boosted hp, (spit acid), AC +9, large, unfitting
armour, (acidic bite), (cold-blooded), inability to use devices, (acid
resistance)
a: End Transformation, Renounce Religion


You were in the Desolation of Salt.
You worshipped Ru.
Ru was pleased with you.
You were a creature of crystalline ice.
You visited 6 branches of the dungeon, and saw 28 of its levels.
You also visited: Ice Cave and Desolation.

You collected 3967 gold pieces.
You spent 1566 gold pieces at shops.

Inventory:

Armour
 m - a +2 hat of stealth (melded)
 x - a scarf of resistance (melded)
 A - a +2 pair of boots (melded)
Jewellery
 e - a +4 ring of evasion (left front paw)
 i - a ring of positive energy
 j - a ring of positive energy
 n - a ring of magical power
 o - an amulet of guardian spirit
 u - a ring of see invisible
 v - a ring of flight
 z - a +4 ring of evasion (right front paw)
 E - an amulet of faith
 F - the amulet of Fimyss (around neck) {Acrobat Will+++ Regen+ Str-3 SInv}
   (You bought it in a shop on level 2 of the Orcish Mines)

   [amulet of the acrobat]

   It increases your evasion while moving and waiting.
   Str:       It affects your strength (-3).
   SInv:      It lets you see invisible.
   Regen:     It increases your rate of health regeneration.
   Will:      It greatly increases your willpower.
 G - a +6 ring of intelligence
 H - an amulet of magic regeneration
Scrolls
 c - 3 scrolls of enchant weapon
 d - 5 scrolls of amnesia
 h - 6 scrolls of teleportation
 p - 5 scrolls of magic mapping
 q - a scroll of enchant armour
 r - 6 scrolls of identify
 w - 4 scrolls of fog
 y - 3 scrolls of summoning
Potions
 a - 3 potions of flight
 b - 3 potions of brilliance
 f - 3 potions of degeneration
 g - 5 potions of heal wounds
 k - 4 potions of haste
 l - 2 potions of resistance
 s - 7 potions of attraction
 t - 2 potions of cancellation
 B - 2 potions of might
 C - 2 potions of lignification
 D - 2 potions of mutation
 I - a potion of invisibility
 J - a potion of magic
 K - a potion of berserk rage
 M - 3 potions of curing


   Skills:
 - Level 14.0 Fighting
 - Level 11.0 Dodging
 - Level 18.0 Unarmed Combat
 - Level 5.0 Spellcasting
 * Level 11.9 Transmutations
 - Level 5.0 Ice Magic
 + Level 13.4 Air Magic
 - Level 2.0 Poison Magic
   Level 0.0 Evocations


You had 10 spell levels left.
You knew the following spells:

 Your Spells              Type           Power      Damage    Failure   Level
a - Beastly Appendage     Tmut           100%       N/A       1%          1
b - Spider Form           Tmut/Pois      16%        N/A       1%          3
c - Ice Form              Ice/Tmut       38%        N/A       3%          4
d - Storm Form            Tmut/Air       27%        N/A       47%         7

Your spell library contained the following spells:

 Spells                   Type           Power      Damage    Failure   Level
 Sting                    Tmut/Pois      100%       1d8       1%          1
 Corpse Rot               Necr/Air       N/A        N/A       1%          2
 Passwall                 Tmut/Erth      23%        N/A       1%          2
 Poisonous Vapours        Pois/Air       70%        N/A       1%          2
 Wereblood                Tmut           52%        N/A       1%          2
 Ozocubu's Armour         Ice            25%        N/A       4%          3
 Ensorcelled Hibernation  Hex/Ice        30%        N/A       6%          2
 Petrify                  Tmut/Erth      28%        N/A       10%         4
 Animate Skeleton         Necr           10%        N/A       12%         1
 Apportation              Tloc           10%        N/A       12%         1
 Summon Small Mammal      Summ           20%        N/A       12%         1
 Blink                    Tloc           N/A        N/A       17%         2
 Slow                     Hex            5%         N/A       17%         2
 Sublimation of Blood     Necr           2%         N/A       17%         2
 Yara's Violent Unravell  Hex/Tmut       14%        3d7       28%         5
 Confusing Touch          Hex            5%         N/A       34%         3
 Stone Arrow              Conj/Erth      10%        3d7       34%         3
 Vampiric Draining        Necr           2%         2d6       34%         3
 Olgreb's Toxic Radiance  Pois           13%        N/A       45%         4
 Leda's Liquefaction      Hex/Erth       2%         N/A       75%         4
 Lee's Rapid Deconstruct  Erth           2%         3d6*      97%         5
 Manifold Assault         Tloc           5%         N/A       97%         5
 Simulacrum               Ice/Necr       7%         N/A       99%         6
 Iron Shot                Conj/Erth      2%         9d2       100%        6
 Summon Hydra             Summ           2%         N/A       100%        7
 Lehudib's Crystal Spear  Conj/Erth      2%         10d2      100%        8
 Animate Armour           Summ/Erth      Unusable   N/A       N/A         4

Dungeon Overview and Level Annotations

Branches:
Dungeon (15/15)            Temple (1/1) D:5            Lair (6/6) D:10
  Swamp (0/4) Lair:4        Snake (3/4) Lair:3        Slime (0/5) Lair:6
    Orc (2/2) D:11            Elf (1/3) Orc:2        Vaults (0/5) D:14
 Depths (0/4) D:15          IceCv (visited)         Desolation (1/1)

Altars:
Ashenzari
Cheibriados
Dithmenos
Elyvilon
Fedhas
Gozag
Hepliaklqana
Kikubaaqudgha
Makhleb
Nemelex Xobeh
Okawaru
Qazlal
Ru
Sif Muna
Trog
Uskayaw
Vehumet
Wu Jian
Xom
Yredelemnul
Zin
The Shining One
Beogh

Shops:
D:4 (?*:[   D:13 [   Orc:2 *=*:   Elf:1 **   Snake:2 !

Portals:
Abyss: Lair:5
Trove: D:11 (give 14 scrolls of teleportation)

Annotations:
D:14 exclusion: efreet
Lair:5 2 transporters, Fuch's ghost, journeyman DsCj
Lair:6 exclusion: oklob plant
Snake:2 Vashnia
Elf:1 3 runed translucent doors


Innate Abilities, Weirdness & Mutations

You are a creature of crystalline ice.
You have a powerful freezing melee attack.
You are amphibious.
Your maximum health is increased.
Your armour is entirely melded.
You are incapable of wielding weapons or throwing items.
((You can spit globs of acid.))
((Your golden yellow scales are hard. (AC +9)))
You cannot fit into any form of body armour.
((You have acidic saliva.))
((You are cold-blooded and may be slowed by cold attacks.))
You cannot study or use magical devices.
((You are resistant to acid. (rCorr)))


Message History

The saltling is severely damaged.
The saltling hits you!
You punch the saltling! You freeze the saltling.
You destroy the saltling!
The ragged hierophant casts a spell at you.
A blast of power from the earth and the saltling strikes you!
The saltling hits you!!
You pummel the saltling!! You freeze the saltling!
The saltling is almost destroyed.
You pummel the saltling!! You freeze the saltling.
You destroy the saltling!
The peacekeeper closely misses you. The peacekeeper claws you.
You hit the peacekeeper but do no damage.
The peacekeeper bites you!! The peacekeeper barely misses you.
You redirect the ragged hierophant's attack!
The servant of whispers mumbles some strange prayers to its god against you.
The bolt of lightning hits the peacekeeper!
The peacekeeper resists.
The bolt of lightning hits you!!
* * * LOW HITPOINT WARNING * * *
You hit the peacekeeper.
The peacekeeper is moderately damaged.
The peacekeeper barely misses you. The peacekeeper closely misses you.
The servant of whispers hits you from afar with a +0 spear.
* * * LOW HITPOINT WARNING * * *
You punch the peacekeeper!
The peacekeeper is heavily damaged.
The saltling no longer looks unusually strong.
The peacekeeper roars a battlecry!
The saltling goes into a battle-frenzy!
The saltling closely misses you.
You punch the peacekeeper! You freeze the peacekeeper.
The peacekeeper is severely damaged.
The peacekeeper bites you!!
* * * LOW HITPOINT WARNING * * *
The peacekeeper misses you.
The servant of whispers hits you from afar with a +0 spear.
* * * LOW HITPOINT WARNING * * *
The ragged hierophant casts a spell at you.
A blast of power from the earth and the adjacent constructs strikes you!
You die...

...............##.9.
.......
....................
.......
....................
......
....................
.....
....######.8........
..... ...#
)...##......... ...##
..# .....#.aa9..... ..#.
#....#99...... .......
#..#...Y................
#.......................
.##...#.................
[....##................♣
....##..................
##.##.8.................
.............#.......♣♣.
.....................♣♣)
.....................♣)♣


You could see a ragged hierophant, a servant of whispers (stilling wind), a
peacekeeper and 2 saltlings.

Vanquished Creatures
  Frances (D:12)
  Gastronok (Lair:2)
  Agnes (Snake:3)
  Donald (Snake:2)
  A fire giant (D:15)
  The ghost of kae the Brawler, a journeyman DrTm of Ru (D:12)
  A nagaraja (Snake:3)
  An orc warlord (Orc:2)
  A halazid warlock (Desolation)
  2 crystal guardians (Desolation)
  A ragged hierophant (Desolation)
  2 peacekeepers (Desolation)
  2 vault guards
  A salamander tyrant (Snake:3)
  An ogre mage (D:15)
  2 catoblepae
  16 hydras
  10 anacondas
  4 servants of whispers (Desolation)
  2 boulder beetles
  10 centaur warriors
  6 two-headed ogres
  A death knight (D:14)
  2 tengu warriors (D:14)
  3 naga sharpshooters
  3 shock serpents
  A deep elf knight (Elf:1)
  A salamander mystic (Snake:3)
  5 naga ritualists
  A bog body (Lair:4)
  A wizard (D:14)
  8 orc knights
  2 deep elf zephyrmancers (Elf:1)
  6 mana vipers
  3 deep elf pyromancers
  4 cyclopes
  10 ugly things
  5 manticores
  2 orc sorcerers
  10 salamanders
  6 elephants (Lair:5)
  A guardian serpent (Desolation)
  2 ice statues (IceCv)
  A gargoyle (D:11)
  11 naga magi
  22 black mambas
  13 cane toads
  2 rime drakes
  2 unseen horrors (D:12)
  A kobold demonologist (D:12)
  A komodo dragon (shapeshifter) (D:14)
  10 komodo dragons
  An anaconda simulacrum (IceCv)
  A freezing wraith (IceCv)
  6 ice devils (IceCv)
  11 trolls
  3 meliai (D:14)
  6 polar bears
  7 hornets
  17 saltlings (Desolation)
  14 slime creatures
  Prince Ribbit (D:5)
  12 blink frogs
  A dream sheep (Lair:6)
  A spriggan (shapeshifter) (D:13)
  61 yaks
  16 spriggans
  A ynoxinul (D:12)
  4 wyverns
  2 water elementals (D:12)
  A wraith (D:13)
  3 shadows
  4 vampires
  A dire elephant simulacrum (IceCv)
  5 basilisks
  5 vampire mosquitoes
  17 nagas
  Menkaure (D:4)
  8 wargs (Orc:2)
  Edmund (D:6)
  3 acid dragons
  12 water moccasins
  7 black bears
  A swamp drake (D:10)
  2 ice beasts
  45 orc warriors
  A sky beast (D:6)
  21 centaurs
  11 ogres
  27 wolves
  5 boggarts
  A necrophage (D:7)
  A kobold brigand (D:10)
  A phantom (D:4)
  Blork the orc (D:6)
  A gnoll sergeant (D:9)
  16 bullfrogs
  A scorpion (D:6)
  A two-headed ogre simulacrum (IceCv)
  2 water moccasin skeletons
  A wyvern skeleton (D:7)
  4 elephant simulacra
  10 killer bees
  6 howler monkeys
  6 electric eels
  6 centaur zombies
  2 jellies (D:5)
  2 centaur skeletons (D:7)
  2 gnoll shamans
  16 orc priests
  2 bullfrog skeletons (D:6)
  Jessica (D:3)
  6 iguanas
  Ijyb (D:3)
  26 orc wizards
  3 polar bear simulacra
  2 spriggan simulacra (IceCv)
  A troll simulacrum (IceCv)
  A wolf simulacrum (IceCv)
  2 hound skeletons
  5 adders
  11 gnolls
  4 naga simulacra (IceCv)
  3 white imps (IceCv)
  2 ufetubi (IceCv)
  An adder zombie (D:5)
  2 worms
  98 orcs
  3 bats
  5 endoplasms
  3 goblins
  4 hobgoblins
  8 quokkas
  2 ball pythons
  3 frilled lizards
  13 kobolds
  3 rats
  5 pillars of salt (Elf:1)
854 creatures vanquished.

Vanquished Creatures (others)
  Erica (Orc:1)
  An orc knight (Orc:2)
  An elephant (Lair:5)
  A blink frog (Lair:3)
  A centaur (D:14)
  2 orcs
  27 fungi
  A pillar of salt (Desolation)
  24 plants
  2 withered plants (Desolation)
61 creatures vanquished.

Grand Total: 915 creatures vanquished

Notes
Turn   | Place    | Note
-------+----------+-------------------------------------------
     0 | D:1      | kae the Draconian Transmuter began the quest for the Orb.
     0 | D:1      | Reached XP level 1. HP: 16/16 MP: 3/3
   533 | D:1      | Reached XP level 2. HP: 23/23 MP: 5/5
  1593 | D:2      | Reached XP level 3. HP: 22/29 MP: 4/6
  1919 | D:2      | Reached skill level 4 in Unarmed Combat
  2558 | D:3      | Identified a scroll of acquirement
  2558 | D:3      | Acquired 1046 gold pieces
  2619 | D:3      | Reached XP level 4. HP: 33/36 MP: 5/7
  2669 | D:3      | Learned a level 3 spell: Spider Form
  2903 | D:3      | Noticed Ijyb
  2913 | D:3      | Killed Ijyb
  2929 | D:3      | Noticed Jessica
  2939 | D:3      | Killed Jessica
  2940 | D:3      | Reached skill level 1 in Poison Magic
  2948 | D:3      | Reached XP level 5. HP: 34/42 MP: 8/8
  3055 | D:3      | Found a shimmering blue altar of Sif Muna.
  3073 | D:3      | Learned a level 4 spell: Ice Form
  3130 | D:3      | Found a glowing golden altar of the Shining One.
  3197 | D:3      | Found a blossoming altar of Fedhas.
  3408 | D:4      | Noticed an ogre
  3456 | D:4      | Killed an ogre
  3457 | D:4      | Reached skill level 1 in Ice Magic
  3622 | D:4      | Found a broken altar of Ashenzari.
  3689 | D:4      | Found Qauskexa's Assorted Antiques.
  3693 | D:4      | Found Maxo's Antique Armour Shop.
  3693 | D:4      | Found Yvulel's Book Shop.
  3695 | D:4      | Found Eptaf's Magic Scroll Shop.
  3807 | D:4      | Bought a dark potion for 22 gold pieces
  3807 | D:4      | Bought a scroll labelled PINGAVV BECESM for 25 gold pieces
  3807 | D:4      | Bought a dented bronze amulet for 125 gold pieces
  3816 | D:4      | Bought a scroll of identify for 28 gold pieces
  3816 | D:4      | Bought a scroll of identify for 28 gold pieces
  3816 | D:4      | Bought a scroll of identify for 28 gold pieces
  3816 | D:4      | Bought a scroll of identify for 28 gold pieces
  3816 | D:4      | Bought a scroll of magic mapping for 49 gold pieces
  3816 | D:4      | Bought a scroll of magic mapping for 49 gold pieces
  3816 | D:4      | Bought a scroll of magic mapping for 49 gold pieces
  3850 | D:4      | Found Zoxu's Weapon Shoppe.
  3850 | D:4      | Noticed a phantom
  3874 | D:4      | Killed a phantom
  3875 | D:4      | Reached XP level 6. HP: 29/51 MP: 5/9
  4084 | D:4      | Noticed Menkaure
  4107 | D:4      | Killed Menkaure
  4108 | D:4      | Reached skill level 5 in Unarmed Combat
  4508 | D:4      | Found a hide-covered altar of Uskayaw.
  4948 | D:4      | Your scales start taking on a golden yellow colour.
  4948 | D:4      | Reached XP level 7. HP: 56/57 MP: 4/10
  4948 | D:4      | Gained mutation: You are resistant to acid. (rCorr) [Yellow
                  | Draconian growth]
  5195 | D:5      | Entered Level 5 of the Dungeon
  5409 | D:5      | Found a shimmering altar of Xom.
  5465 | D:5      | Noticed Prince Ribbit
  5483 | D:5      | Killed Prince Ribbit
  5484 | D:5      | Reached skill level 6 in Unarmed Combat
  5905 | D:5      | Reached XP level 8. HP: 52/66 MP: 4/11
  6455 | D:5      | Found a staircase to the Ecumenical Temple.
  6620 | D:5      | Reached skill level 5 in Ice Magic
  6625 | Temple   | Entered the Ecumenical Temple
  7515 | D:6      | Reached skill level 5 in Fighting
  7515 | D:6      | Reached skill level 7 in Unarmed Combat
  7633 | D:6      | Noticed Edmund
  7638 | D:6      | Reached skill level 5 in Transmutations
  7648 | D:6      | Killed Edmund
  8093 | D:6      | Reached XP level 9. HP: 75/75 MP: 7/12
  8183 | D:6      | Reached skill level 8 in Unarmed Combat
  8242 | D:6      | Found a burning altar of Makhleb.
  8472 | D:6      | Found a faded altar of an unknown god.
  8472 | D:6      | Noticed Blork the orc
  8478 | D:6      | Found a hazy altar of Hepliaklqana.
  8482 | D:6      | Killed Blork the orc
  8578 | D:7      | Noticed a troll
  8588 | D:7      | Killed a troll
  9087 | D:7      | Found an ancient bone altar of Kikubaaqudgha.
  9201 | D:7      | Reached skill level 9 in Unarmed Combat
  9450 | D:7      | Found a sparkling altar of Nemelex Xobeh.
 10715 | D:9      | Reached XP level 10. HP: 59/86 MP: 3/13
 10720 | D:9      | Reached skill level 10 in Unarmed Combat
 11977 | D:10     | Entered Level 10 of the Dungeon
 12600 | D:10     | Found a staircase to the Lair.
 13039 | D:10     | Reached skill level 11 in Unarmed Combat
 13891 | D:10     | Reached XP level 11. HP: 95/95 MP: 10/14
 14083 | D:10     | Found an ornate altar of the Wu Jian Council.
 14167 | D:10     | Found a shadowy altar of Dithmenos.
 14231 | D:10     | Found a sacrificial altar of Ru.
 14533 | D:10     | Reached skill level 12 in Unarmed Combat
 14963 | D:10     | Became a worshipper of Ru the Awakened
 15041 | D:11     | Noticed an orc knight
 15142 | Lair:1   | Entered Level 1 of the Lair of Beasts
 15294 | Lair:1   | Found a frozen archway.
 15318 | IceCv    | Entered an ice cave
 16218 | IceCv    | Reached skill level 5 in Dodging
 16367 | IceCv    | Reached skill level 1 in Evocations
 16940 | IceCv    | Noticed a reaper
 17570 | Lair:1   | Gained mutation: You cannot study or use magical devices.
                  | [Ru sacrifice]
 17570 | Lair:1   | Reached * piety under Ru
 17570 | Lair:1   | Reached ** piety under Ru
 17850 | Lair:1   | Noticed a five-headed hydra
 17859 | Lair:1   | Killed a five-headed hydra
 18082 | Lair:1   | Reached XP level 12. HP: 104/104 MP: 9/17
 18508 | Lair:2   | Reached skill level 5 in Spellcasting
 18692 | Lair:2   | Noticed a five-headed hydra
 18701 | Lair:2   | Killed a five-headed hydra
 18816 | Lair:2   | Noticed Gastronok
 18826 | Lair:2   | Killed Gastronok
 19710 | Lair:2   | Noticed a five-headed hydra
 19719 | Lair:2   | Killed a five-headed hydra
 19720 | Lair:2   | Reached skill level 10 in Fighting
 19720 | Lair:2   | Reached skill level 13 in Unarmed Combat
 20422 | Lair:3   | Found a staircase to the Snake Pit.
 20626 | Lair:3   | Reached skill level 10 in Transmutations
 20875 | Lair:3   | Noticed an eight-headed hydra
 20881 | Lair:3   | Killed an eight-headed hydra
 21656 | Lair:4   | Found a staircase to the Swamp.
 21665 | Lair:4   | Reached XP level 13. HP: 114/114 MP: 16/20
 21839 | Lair:4   | Reached skill level 14 in Unarmed Combat
 22608 | Lair:4   | Acquired 608 gold pieces
 22972 | Lair:5   | Found a transporter.
 22974 | Lair:5   | Found a one-way gate to the infinite horrors of the Abyss.
 23224 | Lair:5   | Found a transporter.
 23231 | Lair:5   | Noticed Fuch's ghost (journeyman DsCj)
 23705 | Lair:6   | Entered Level 6 of the Lair of Beasts
 24005 | Lair:6   | Reached skill level 15 in Unarmed Combat
 26151 | Lair:6   | Paralysed by a hornet for 1 turns
 26286 | Lair:6   | Gained mutation: You have acidic saliva. [Yellow Draconian
                  | growth]
 26286 | Lair:6   | Reached XP level 14. HP: 122/126 MP: 16/21
 26591 | Lair:6   | Reached skill level 16 in Unarmed Combat
 28138 | D:11     | Got Wosenif's Disquisition on Dusty Cold
 28155 | D:11     | Found a staircase to the Orcish Mines.
 28743 | D:11     | Found a portal to a secret trove of treasure.
 29219 | D:12     | Noticed Frances
 29222 | D:12     | Found a runed translucent door.
 29223 | D:12     | Noticed kae's ghost (journeyman DrTm)
 29918 | D:12     | Killed Frances
 30959 | D:12     | Killed kae's ghost
 30965 | D:12     | Reached skill level 17 in Unarmed Combat
 30973 | D:12     | Got the Guide on Earth
 31867 | Orc:1    | Entered Level 1 of the Orcish Mines
 31872 | Orc:1    | Paralysed by an orc sorcerer for 2 turns
 32156 | Orc:2    | Entered Level 2 of the Orcish Mines
 32221 | Orc:2    | Noticed an orc warlord
 32233 | Orc:2    | Killed an orc warlord
 32261 | Orc:2    | Reached skill level 10 in Dodging
 32800 | Orc:2    | Found Oniuhun's Jewellery Shoppe.
 32800 | Orc:2    | Found Fyihest's General Store.
 33758 | Orc:2    | Reached XP level 15. HP: 94/136 MP: 16/22
 33909 | Orc:2    | Found Fadiane's Book Shoppe.
 33909 | Orc:2    | Found Ogoduky's General Store.
 34540 | Orc:2    | Bought an Inescapable Atlas for 408 gold pieces
 34549 | Orc:2    | Bought a potion of mutation for 112 gold pieces
 34563 | Orc:2    | Found a staircase to the Elven Halls.
 34733 | Orc:2    | Bought the amulet of Fimyss {Acrobat Will+++ Regen+ Str-3
                  | SInv} for 507 gold pieces
 35179 | Orc:1    | Noticed Erica
 35191 | Orc:1    | Killed Erica
 36654 | D:13     | Found Joet's Armour Emporium.
 36792 | D:13     | Learned a level 7 spell: Storm Form
 36979 | D:14     | Reached skill level 18 in Unarmed Combat
 37296 | D:14     | Reached skill level 1 in Air Magic
 37643 | D:14     | Found a gate to the Vaults.
 38009 | D:15     | Entered Level 15 of the Dungeon
 38028 | D:14     | Reached skill level 5 in Air Magic
 38279 | D:15     | HP: 2/165 [red ugly thing (34)]
 38830 | D:15     | Found a staircase to the Depths.
 38830 | D:15     | Noticed a fire giant
 38870 | D:15     | Killed a fire giant
 39699 | Snake:1  | Entered Level 1 of the Snake Pit
 40087 | Snake:1  | Reached XP level 16. HP: 106/146 MP: 18/23
 40967 | Snake:2  | Reached skill level 10 in Air Magic
 41013 | Snake:2  | You fall into a shaft and drop 1 floor!
 41017 | Snake:2  | Found Abommial's Distillery.
 41132 | Snake:2  | Bought a potion of curing for 54 gold pieces
 41132 | Snake:2  | Bought a potion of curing for 54 gold pieces
 41148 | Snake:2  | Noticed Donald
 41275 | Snake:2  | Noticed Agnes
 41436 | Snake:2  | Noticed Vashnia
 41513 | Snake:2  | Killed Donald
 42993 | Snake:2  | Identified the +1 long sword "Ruhaoga" {vorpal, Will+}
 43060 | Snake:3  | Killed Agnes
 44795 | Elf:1    | Entered Level 1 of the Elven Halls
 44795 | Elf:1    | Found a runed translucent gate.
 44795 | Elf:1    | Found a runed translucent gate.
 44795 | Elf:1    | Found a runed translucent gate.
 44795 | Elf:1    | Found a runed translucent gate.
 44795 | Elf:1    | Found a runed translucent gate.
 44795 | Elf:1    | Found a runed translucent gate.
 44801 | Elf:1    | Found a runed translucent door.
 44843 | Elf:1    | Found Zyn Cubi's Assorted Antiques.
 44870 | Elf:1    | Found a crumbling gateway.
 44879 | Elf:1    | Found Nakliomm's Assorted Antiques.
 44918 | Desolati | Entered the Desolation of Salt
 45228 | Desolati | Identified the +1 helmet of the Armoured One {Fly Dex+6}
 45532 | Desolati | Found the +2 hat of the Bear Spirit {Spirit, *Rage rN+
                  | Will++}
 45569 | Desolati | HP: 8/175 [servant of whispers (3)]
 45569 | Desolati | Killed from afar by a ragged hierophant

Illustrated notes

Levels and vault maps discovered:
D:1:      nagdon_arrival_double_spiral, layout_loops_ring
D:2:      layout_basic, hangedman_decor_opposing, nicolae_underground_beach
D:3:      layout_rooms, mainiacjoe_overflow_small_starburst, tso_altar,
          fedhas_altar_1, uniq_jessica, uniq_ijyb
D:4:      layout_basic, mainiacjoe_overflow_six_doors_small,
          mainiacjoe_overflow_brackets, serial_park_tiny_pond,
          nicolae_inconvenience_store, minivault_24, minmay_shop_grid_forest,
          uniq_menkaure
D:5:      layout_cave_pods, xom_teletrap_fun, minmay_temple_entry_wispy,
          serial_bayou_crossing, uniq_prince_ribbit1
D:6:      layout_rooms, general_overflow_altar,
          beargit_hepliaklqana_dungeon_heroes, grunt_decor_mini_mirrors,
          uniq_edmund
D:7:      layout_cave_pools, old_standard_altar, nemelex_spade_bored_becter
D:8:      layout_gridville
D:9:      layout_basic, kennysheep_generic_room_9
D:10:     layout_roguey, old_standard_altar, mainiacjoe_overflow_alcove_1,
          nicolae_wu_jian_glorious_leap, erik_lair_dragon
D:11:     minmay_s_stair_smasher, layout_loops_ring, orc_0_dummy, enter_trove_5
D:12:     layout_cave_pools, hellmonk_ghost_big_iron, solitary_fountain,
          kennysheep_boxes, uniq_frances
D:13:     layout_roguey, serial_shops, nicolae_shop_behind_doors, drop_trap,
          minivault_22
D:14:     layout_basic, david_vaults_5, chequers_serial_rivers_small_a,
          columned_hall_lemuel
D:15:     grunt_enter_depths_giant_problem, layout_basic, nrook_mini_backslash,
          special_room [special_room_orc]
Temple:   compressed_dpeg_triangle_lava_temple
Lair:1:   cheibrodos_lair_river_kwai, layout_small_grid,
          portal_ice_cave_entry_ice_simulacra, infiniplex_staircase_pool_2
Lair:2:   layout_small_grid, forest_entry_grove, grunt_megastairs_2,
          lemuel_fruit_fields, serial_bayou_shore_b, uniq_gastronok
Lair:3:   layout_roguey, guppyfry_snake_entry_garden, minmay_hedge_maze
Lair:4:   layout_concentric_octagons, skrybe_swamp_entry_bodies,
          grunt_megastairs_5
Lair:5:   layout_regular_city, gammafunk_ghost_abyssal_escape,
          kennysheep_catoblepas_arena
Lair:6:   minmay_lair_end_enchanted_forest, layout_regular_city,
          minmay_slime_entry_oklob_enclosed
Snake:1:  layout_basic
Snake:2:  layout_rooms, nicolae_stop_n_shop_1, uniq_vashnia, uniq_agnes,
          uniq_donald
Snake:3:  layout_rooms, lemuel_fruit_tree
Orc:1:    layout_caves, uniq_erica
Orc:2:    st_orc_town, layout_caves, basic_altar
Elf:1:    nicolae_elf_arrival_dilemma, layout_loops_cross,
          portal_desolation_entry_garden, serial_shops, nicolae_shop_crystal,
          nicolae_shop_trees, shop, nicolae_shop_overgrown_old_shop,
          minmay_elf_sorcery, nicolae_elf_crossing_hall
Desolation

Skill      XL: |  1  2  3  4  5  6  7  8  9 10 11 12 13 14 15 16 |
---------------+-------------------------------------------------+-----
Fighting       | 2 3 4 5 7 8 9 10 12 13 14 | 14.0
Unarmed Combat | 4 5 6 7 9 11 12 13 15 17 18 | 18.0
Transmutations | 3 4 5 6 8 9 10 11 | 11.9
Poison Magic   | 1 2 |  2.0
Ice Magic      | 1 2 4 5 |  5.0
Dodging        | 7 8 10 11 | 11.0
Spellcasting   | 3 5 |  5.0
Evocations     | 0 |  0.0
Air Magic      | 9 13 | 13.4

Action                   |  1- 3 |  4- 6 |  7- 9 | 10-12 | 13-15 | 16-18 || total
-------------------------+-------+-------+-------+-------+-------+-------++-------
Melee: Unarmed           |   113 |   113 |   287 |   618 |  1317 |   471 ||  2919
       Kick              |    13 |    10 |       |       |       |       ||    23
       Tailslap          |     4 |     5 |     7 |     2 |     7 |     2 ||    27
       Headbutt          |     8 |     9 |       |       |       |       ||    17
       Punch             |       |     1 |     1 |     1 |     2 |     1 ||     6
       Bite              |       |       |       |       |     3 |     2 ||     5
 Cast: Beastly Appendage |    21 |    12 |       |       |       |       ||    33
       Spider Form       |       |     7 |    10 |       |       |       ||    17
       Ice Form          |       |       |    24 |    70 |   129 |    40 ||   263
Invok: Sacrifice Artific |       |       |       |     1 |       |       ||     1
       Reject Sacrifices |       |       |       |     1 |       |     1 ||     2
 Abil: Breathe Acid      |       |       |     6 |     7 |     1 |     1 ||    15
Evoke: Wand              |       |       |       |     8 |       |       ||     8
  Use: Scroll            |     6 |     1 |    14 |     2 |    10 |     4 ||    37
       Potion            |     1 |       |     1 |     8 |     1 |       ||    11
 Stab: Invisible         |       |       |     2 |       |     2 |       ||     4
       Sleeping          |       |       |       |     1 |     1 |     1 ||     3
       Paralysed         |       |       |       |     2 |       |       ||     2
       Petrified         |       |       |       |       |     3 |       ||     3
       Distracted        |       |       |       |       |       |     1 ||     1
Armor: Skin              |    29 |    11 |    53 |    97 |   243 |    44 ||   477
Dodge: Dodged            |    97 |    97 |   193 |   411 |  1106 |   421 ||  2325

Table legend: (Time is in decaauts)
 A = Elapsed time spent in this place.
 B = Non-inter-level travel time spent in this place.
 C = Inter-level travel time spent in this place.
 D = Time resting spent in this place.
 E = Time spent auto-exploring this place.
 F = Levels seen in this place.
 G = Mean time per level.
                   A        B        C        D        E       F      G
               +--------+--------+--------+--------+--------+-----+--------+
         Total |  44945 |  42024 |   2921 |   3554 |  31893 |  30 | 1498.2 |
       Dungeon |  23046 |  21277 |   1769 |   1394 |  16953 |  15 | 1536.4 |
        Temple |    444 |    440 |      4 |      0 |    432 |   1 |  444.0 |
          Lair |  10449 |   9793 |    656 |    541 |   7783 |   6 | 1741.5 |
     Snake Pit |   4744 |   4533 |    211 |    701 |   3038 |   3 | 1581.3 |
  Orcish Mines |   3787 |   3532 |    255 |     53 |   2839 |   2 | 1893.5 |
   Elven Halls |    114 |     89 |     25 |      0 |      0 |   1 |  114.0 |
      Ice Cave |   1750 |   1750 |      0 |    585 |    756 |   1 | 1750.0 |
    Desolation |    608 |    608 |      0 |    279 |     92 |   1 |  608.0 |
               +--------+--------+--------+--------+--------+-----+--------+

Top non-repeatable levels by time:
    D:10: 3152 daAuts
  Lair:6: 2925 daAuts
   Orc:2: 2405 daAuts
  Lair:2: 2138 daAuts
     D:9: 2131 daAuts
 Snake:1: 2034 daAuts
    D:11: 1999 daAuts
 Snake:3: 1916 daAuts
    D:12: 1882 daAuts
     D:4: 1864 daAuts
     D:5: 1787 daAuts
   IceCv: 1750 daAuts
  Lair:5: 1583 daAuts
     D:2: 1501 daAuts
   Orc:1: 1381 daAuts
